 Dungeon Crawl Stone Soup version 0.20-a0-1114-g33edf32 (webtiles) character file.

2314 Duffy the Cleaver (level 9, -2/72 HPs)
             Began as a Vine Stalker Gladiator on May 7, 2017.
             Was an Elder of Okawaru.
             Slain by an orc warrior (7 damage)
             ... in a bailey.
             The game lasted 00:08:05 (6295 turns).

Duffy the Cleaver (Vine Stalker Gladiator)          Turns: 6295, Time: 00:08:06

Health: -2/72      AC: 24    Str: 19    XL:     9   Next: 41%
Magic:  0/12       EV:  2    Int:  8    God:    Okawaru [****..]
Gold:   281        SH:  0    Dex: 17    Spells: 8/8 levels left

rFire    . . .     SeeInvis .   a - +1 war axe
rCold    . . .     Gourm    +   (no shield)
rNeg     + + +     Faith    .   (armour currently unavailable)
rPois    +         Spirit   +   (helmet currently unavailable)
rElec    .         Reflect  .   (cloak currently unavailable)
rCorr    .         Harm     .   (gloves currently unavailable)
MR       +....     NoTele   +   (boots currently unavailable)
Stlth    ++........             w - amulet of the gourmand
Regen    0.7/turn               g - +5 ring of slaying
MPRegen  0.2/turn               (no ring)

@: tree-form
A: regeneration 1, magic shield, no potion heal 3, rot immunity
a: Heroism, Renounce Religion


You were in a bailey.
You worshipped Okawaru.
Okawaru was greatly pleased with you.
You were very full.
You were a tree.
You visited 1 branch of the dungeon, and saw 8 of its levels.
You also visited: Bailey.

You collected 281 gold pieces.

Inventory:

Hand Weapons
 a - a +1 war axe (weapon)
Missiles
 d - 3 throwing nets (quivered)
Armour
 c - a +1 helmet (melded)
 x - a +0 chain mail (melded)
 G - a +0 cloak (melded)
Jewellery
 g - a +5 ring of slaying (left branch)
 w - an amulet of the gourmand (around neck)
Wands
 F - a wand of iceblast (11/15)
Scrolls
 h - 8 scrolls of remove curse
 i - a scroll of blinking {unknown}
 l - a scroll of fog {unknown}
 p - a scroll of immolation
 q - 2 scrolls of recharging
 r - a scroll of enchant weapon
 s - a scroll of enchant armour
 y - a scroll of fear {unknown}
 C - a scroll of teleportation {unknown}
Potions
 j - 3 potions of haste {unknown}
 m - 5 potions of curing {unknown}
 n - 2 potions of degeneration {unknown}
 o - a potion of flight
 u - a potion of heal wounds {unknown}
 v - 2 potions of agility {unknown}
 z - a potion of cancellation {unknown}
 A - a potion of ambrosia
 D - a potion of might {unknown}
 E - 2 potions of berserk rage {unknown}
Comestibles
 f - 2 bread rations
 k - 5 fruits
 t - a meat ration


   Skills:
 + Level 6.0 Fighting
 * Level 8.7 Axes
 - Level 1.7 Throwing
 + Level 3.3 Armour
 - Level 2.4 Dodging
 - Level 3.0 Invocations


You had 8 spell levels left.
You didn't know any spells.

Dungeon Overview and Level Annotations

Branches:
Dungeon (8/15)             Temple (0/1) D:6
   Lair: D:8-11

Altars:
Okawaru
Trog
Wu Jian


Innate Abilities, Weirdness & Mutations

((You have razor-sharp teeth.))
Your natural rate of healing is unusually fast.
When hurt, damage is shared between your health and your magic reserves.
((Your bite disrupts and absorbs the magic of your enemies.))
Potions cannot restore your health.
You are immune to rotting.


Message History

The orc warrior shoots a bolt.
The bolt hits you.
The orc warrior shoots a bolt.
The bolt barely misses you.
You see here 3 bolts.
The orc warrior shoots a bolt.
The bolt barely misses you.
The orc jeers repeatedly, as Orcs often do.
The orc warrior shoots a bolt.
The bolt hits you!
The orc warrior shoots a bolt.
The bolt hits you.
You see here 3 bolts.
The orc warrior shoots a bolt.
The bolt hits you!
You see here a bolt.
The orc warrior shoots a bolt.
The bolt hits you!!
You hear a shout!
You see here a bolt.
You turn into a tree.
Your +0 cloak melds into your body.
Your +1 helmet melds into your body.
Your +0 chain mail melds into your body.
Your roots penetrate the ground.
The orc warrior unwields an uncursed arbalest.
The orc warrior hits you!
You die...

..~##.##~.....(........
...~~#.#~~...(..###.....
....~~~~~...(#### ####..
............## ##.
...........## ##
..........(# #
.........(## #
.......o(.# ......o7..#
..........# ..........#
...........#
...........#
............
....~~~~~....
...~~#o#~~....


You could see an orc warrior and 2 orcs.

Vanquished Creatures
  A hippogriff (D:7)
  Eustachio (D:4)
  An ice beast (D:5)
  3 ogres
  A phantom (D:6)
  A centaur (D:6)
  A bullfrog (D:7)
  A gnoll sergeant (D:6)
  A scorpion (D:4)
  2 howler monkeys
  2 bullfrog zombies (D:5)
  3 crimson imps
  4 hounds
  A jelly (D:5)
  3 orc priests
  6 orc wizards
  2 bullfrog skeletons
  An iguana (D:7)
  11 worker ants
  2 hound zombies
  A hound skeleton (D:5)
  2 worker ant zombies (D:5)
  3 gnolls (D:6)
  A howler monkey skeleton (D:5)
  9 adders
  A shadow imp (D:6)
  An ooze (D:3)
  An adder skeleton (D:6)
  2 worms
  A dart slug (D:3)
  4 leopard geckos
  24 orcs
  8 giant cockroaches
  3 goblins
  5 hobgoblins
  5 jackals
  2 quokkas
  3 ball pythons
  A ball python skeleton (D:4)
  7 bats
  3 frilled lizards
  A giant cockroach zombie (D:5)
  6 kobolds
  2 leopard gecko skeletons
  A quokka skeleton (D:5)
  A quokka zombie (D:5)
  8 rats
  A plant (D:2)
155 creatures vanquished.

Notes
Turn   | Place    | Note
-------+----------+-------------------------------------------
     0 | D:1      | Duffy the Vine Stalker Gladiator began the quest for the Orb.
     0 | D:1      | Reached XP level 1. HP: 11/11 MP: 2/2
   247 | D:1      | Found an iron altar of Okawaru.
   256 | D:1      | Became a worshipper of Warmaster Okawaru
   299 | D:1      | Reached skill level 3 in Axes
   299 | D:1      | Reached XP level 2. HP: 15/15 MP: 3/3
  1070 | D:2      | Reached XP level 3. HP: 18/18 MP: 4/4
  1296 | D:2      | Gained mutation: Your natural rate of healing is unusually fast. [Vine Stalker growth]
  1296 | D:2      | Reached XP level 4. HP: 23/23 MP: 5/5
  1365 | D:2      | Reached skill level 4 in Axes
  2429 | D:3      | Reached XP level 5. HP: 28/28 MP: 6/6
  2682 | D:4      | Reached * piety under Okawaru
  2682 | D:4      | Reached skill level 5 in Axes
  2826 | D:4      | Reached XP level 6. HP: 32/32 MP: 7/7
  2865 | D:4      | Reached skill level 1 in Invocations
  3058 | D:4      | Noticed Eustachio
  3070 | D:4      | Reached XP level 7. HP: 29/37 MP: 9/9
  3133 | D:4      | Killed Eustachio
  3133 | D:4      | Reached ** piety under Okawaru
  3133 | D:4      | Reached skill level 6 in Axes
  3636 | D:5      | Entered Level 5 of the Dungeon
  3755 | D:5      | Gained mutation: You have razor-sharp teeth. [Vine Stalker growth]
  3755 | D:5      | Reached XP level 8. HP: 40/42 MP: 11/11
  3780 | D:5      | Found a bloodstained altar of Trog.
  3966 | D:5      | Reached skill level 1 in Armour
  3978 | D:5      | Reached skill level 7 in Axes
  4126 | D:5      | Reached *** piety under Okawaru
  4276 | D:5      | Reached skill level 5 in Fighting
  4835 | D:6      | Reached skill level 8 in Axes
  4845 | D:6      | Reached XP level 9. HP: 44/47 MP: 10/12
  4921 | D:6      | Found a staircase to the Ecumenical Temple.
  4961 | D:6      | Found an ornate altar of the Wu Jian Council.
  5322 | D:7      | Reached **** piety under Okawaru
  5719 | D:8      | Found a flagged portal.
  5725 | Bailey   | Entered a bailey
  6293 | Bailey   | HP: 2/48 [orc warrior/bolt (21)]
  6295 | Bailey   | Slain by an orc warrior

Vault maps used:
D:1:      eino_arrival_water_cross, okawaru_ov_weapons_minmay
D:2:      serial_forest, infiniplex_forest_clump_diagonal,
          infiniplex_forest_end_1, infiniplex_forest_clump_long,
          infiniplex_forest_end_1, infiniplex_forest_straight_2,
          infiniplex_forest_clump_diagonal, infiniplex_forest_end_3,
          infiniplex_forest_lined_3, infiniplex_forest_clump_medium
D:4:      uniq_eustachio
D:5:      lightli_temple_of_fire, serial_undead, serial_undead_d,
          serial_undead_e, serial_undead_e, serial_undead_c, serial_undead_f,
          serial_undead_c, first_bread
D:6:      overflow_temple_1_default, minmay_temple_entry_statues_pillars
D:7:      minmay_misc_feat_square
D:8:      chequers_temple_overflow_statue_of_worship, enter_bailey_2, uniq_grum
Bailey:   bailey_polearm_2, bailey

Skill      XL: |  1  2  3  4  5  6  7  8  9 |
---------------+----------------------------+-----
Fighting       | 2 3 4 5 6 |  6.0
Axes           | 3 4 5 6 8 |  8.7
Invocations    | 1 3 |  3.0
Armour         | 2 3 |  3.3
Throwing       | |  1.7
Dodging        | |  2.4

Action                   |  1- 3 |  4- 6 |  7- 9 || total
-------------------------+-------+-------+-------++-------
Melee: War axe           |    58 |   102 |   194 ||   354
       Bite              |    12 |    19 |    64 ||    95
Invok: Heroism           |       |     1 |     3 ||     4
  Use: Scroll            |       |       |    10 ||    10
       Potion            |       |       |     1 ||     1
 Stab: Sleeping          |       |     3 |       ||     3
  Eat: Chunk             |     1 |    11 |    16 ||    28
Armor: Leather armour    |    27 |    10 |     8 ||    45
       Chain mail        |       |    25 |   101 ||   126
Dodge: Dodged            |    40 |    50 |   105 ||   195
